AoeStats
← TIMVP

Arena

509629811Analyzed
1v1 RM · 5d ago on Sep 27, 2026· 15m 8s· 2 players
Game mode
Random Map
Map size
Tiny (2 player)
Population
200
Speed
Normal
Resources
Standard
Victory
Conquest
Starting age
Dark Age
Ending age
Imperial Age
RankedLock teamsTeams togetherTeam positionsShared explorationLock speedFull tech treeHidden civsTurbo modeCheats
Victory
Defeat
🇮🇳 Khmer · India
512
+15
🇵🇪 Danes · Peru
494
-15
TIMVP
12:28 Feudal Age
12:58 Double-Bit Axe
15:02 Wheelbarrow
14:35 Loom
blehj ;P
10:31 Feudal Age
13:54 Castle Age
12:45 Double-Bit Axe
14:17 Horse Collar
Connection lost

Rejoining the realm…

Still unreachable

The connection could not be restored.

Session expired

The server has moved on; the page needs a fresh start.